AoeStats
← kkkg

Four Lakes

508321292Analyzed
1v1 RM · 10d ago on Sep 21, 2026· 21m 8s· 2 players
Game mode
Random Map
Map size
Tiny (2 player)
Population
200
Speed
Normal
Resources
Standard
Victory
Conquest
Starting age
Dark Age
Ending age
Imperial Age
RankedLock teamsTeams togetherTeam positionsShared explorationLock speedFull tech treeHidden civsTurbo modeCheats
Victory
Defeat
🇲🇽 Vikings · Mexico
937
+16
🇨🇳 Goths · China
930
-16
kkkg
9:51 Feudal Age
13:54 Fishing Lines
14:09 Double-Bit Axe
19:46 Castle Age
17:42 Horse Collar
21:25 Bow Saw
21:28 Gillnets
Winnie The Pooh
3:36 Loom
10:51 Feudal Age
12:11 Double-Bit Axe
13:12 Man-at-Arms
13:41 Fishing Lines
19:42 Castle Age
18:15 Stone Mining
18:20 Fletching
18:32 Scale Mail Armor
19:12 Forging
19:46 Long Swordsman
20:27 Squires
19:51 Crossbowman
Connection lost

Rejoining the realm…

Still unreachable

The connection could not be restored.

Session expired

The server has moved on; the page needs a fresh start.